 Dungeon Crawl Stone Soup version 0.31-a0-1338-gb567cfdca4 (webtiles) character file.

Game seed: 3343739120888860405

1684 grandjackal the Digger (level 8, -2/52 HPs)
             Began as a Vampire Earth Elementalist on Dec 22, 2023.
             Was a Believer of Vehumet.
             Killed from afar by Maurice (12 damage)
             ... with a bolt of dispelling energy
             ... on level 7 of the Dungeon.
             The game lasted 00:13:03 (5332 turns).

grandjackal the Digger (Vampire Earth Elementalist) Turns: 5332, Time: 00:13:03

Health: -2/52      AC:  4    Str:  7    XL:     8   Next: 71%
Magic:  9/16       EV: 12    Int: 19    God:    Vehumet [**....]
Gold:   252        SH:  0    Dex: 15    Spells: 6/18 levels left

rFire   . . .        h - +0 short sword
rCold   . . .        (no shield)
rNeg    . . .        f - +1 robe {Will+}
rPois   .            (no helmet)
rElec   .            (no cloak)
rCorr   .            (no gloves)
SInv    +            e - +0 pair of boots
Will    +....        (no amulet)
Stlth   ++++++       n - ring of wizardry
HPRegen 0.48/turn    p - ring of Shadows {Umbra +Inv Stlth+}
MPRegen 0.15/turn

%: wizardry (x1)
@: healing quickly, wreathed by umbra
A: alive, fangs 3, see invisible, vampiric 2
a: Exsanguinate, Renounce Religion, Evoke Invisibility


You were on level 7 of the Dungeon.
You worshipped Vehumet.
Vehumet was pleased with you.
You visited 1 branch of the dungeon, and saw 7 of its levels.

You collected 252 gold pieces.

Inventory:

Hand Weapons
 h - a +0 short sword (weapon)
Missiles
 c - 58 stones (quivered)
Armour
 e - a +0 pair of boots (worn)
 f - a +1 robe of willpower (worn)
 l - a +0 buckler
Jewellery
 m - a +4 ring of protection
 n - a ring of wizardry (left hand)
 o - a ring of magical power
 p - the ring of Shadows (right hand) {Umbra +Inv Stlth+}
   (You found it on level 3 of the Dungeon)

   [ring of stealth]

   Umbra:     It surrounds you with an aura of shadow, increasing your stealth
   and reducing the accuracy of all others within it.
   +Inv:      It lets you turn invisible.
   Stlth+:    It makes you more stealthy.
 s - a ring of willpower
Wands
 u - a wand of mindburst (8)
Scrolls
 a - 3 scrolls of poison {unknown}
 k - a scroll of silence {unknown}
 q - 4 scrolls of immolation {unknown}
 t - a scroll of enchant weapon
 w - 4 scrolls of teleportation {unknown}
 x - a scroll of brand weapon {unknown}
 y - a scroll of fear {unknown}
Potions
 b - 3 potions of magic
 d - a potion of might
 g - a potion of cancellation
 i - 3 potions of invisibility
 j - 3 potions of heal wounds
 r - a potion of lignification
 v - 2 potions of haste
 z - a potion of enlightenment
 A - a potion of curing


   Skills:
 - Level 2.1 Dodging
 - Level 5.2 Stealth
 + Level 5.5 Spellcasting
 + Level 4.7 Necromancy
 + Level 6.3 Earth Magic
 + Level 6.1 Alchemy


You had 6 spell levels left.
You knew the following spells:

 Your Spells              Type           Power      Damage    Failure   Level
a - Sandblast             Erth           58%        2d13      1%          1
b - Passwall              Alch/Erth      24%        N/A       1%          2
c - Petrify               Alch/Erth      29%        N/A       3%          4
d - Agony                 Necr           23%        N/A       19%         5

Your spell library contained the following spells:

 Spells                   Type           Power      Damage    Failure   Level
 Searing Ray              Conj           10%        2d4       8%          2
 Necrotise                Necr           92%        1d8       1%          1
 Stone Arrow              Conj/Erth      34%        3d9       4%          3
 Mephitic Cloud           Conj/Alch/Air  13%        N/A       6%          3
 Brom's Barrelling Bould  Conj/Erth      17%        2d4       13%         4
 Dazzling Flash           Conj/Hex       10%        N/A       14%         3
 Eringya's Noxious Bog    Alch           14%        4d6       47%         6
 Iskenderun's Battlesphe  Conj           5%         2d6       75%         5
 Silence                  Hex/Air        2%         N/A       75%         5
 Summon Forest            Summ/Tloc      2%         N/A       75%         5
 Bombard                  Conj/Erth      8%         9d2       86%         6
 Spellforged Servitor     Conj/Summ      2%         N/A       100%        7
 Summon Hydra             Summ           2%         N/A       100%        7


Dungeon Overview and Level Annotations

Branches:
Dungeon (7/15)             Temple (0/1) D:6

Altars:
Gozag
Kikubaaqudgha
Makhleb
Ru
Sif Muna
Uskayaw
Vehumet

Shops:
D:4 [

Annotations:
D:3 3 runed translucent doors, SecretSquirrel's ghost, weakling DsAl
D:4 3 runed translucent doors, FlodingonDalloogus's ghost, amateur HuNe
D:7 Maurice


Innate Abilities, Weirdness & Mutations

Your natural rate of healing is accelerated.
You have razor-sharp teeth.
You have supernaturally acute eyesight. (SInv)
You are afflicted with vampirism and can become a bat while bloodless.


Message History

You are engulfed in a cloud of soporific spores!
You are unaffected.
Casting: Sandblast (safe; 1% risk of failure)
Confirm with . or Enter, or press ? or * to list all spells.
Aiming: Petrify (dangerous; 3% risk of failure)
Press: ? - help, Shift-Dir - straight line, f - sleepcap
Aim: a sleepcap (umbra, chance to affect: 67%)
The sleepcap is moving more slowly.
The sleepcap releases spores at you.
Unknown command.
The sleepcap attacks as it pursues you! The sleepcap completely misses you.
The sleepcap stops moving altogether!
The helpless sleepcap fails to defend itself.
You hit the sleepcap.
The sleepcap is lightly damaged.
The helpless sleepcap fails to defend itself.
You puncture the sleepcap!
The sleepcap is moderately damaged.
Maurice zaps a wand.
The bolt of dispelling energy misses you.
Casting: Petrify (dangerous; 3% risk of failure)
Confirm with . or Enter, or press ? or * to list all spells.
Aiming: Petrify (dangerous; 3% risk of failure)
Press: ? - help, Shift-Dir - straight line, f - Maurice, p - sleepcap
Aim: Maurice, wielding a +0 short sword, wearing a +0 cloak and carrying a wand of quicksilver (lightly wounded, slightly transparent, umbra, chance to affect: 59%) Maurice is moving more slowly.
Maurice zaps a wand.
The bolt of dispelling energy hits you!
The helpless sleepcap fails to defend itself.
You hit the sleepcap.
The sleepcap is heavily damaged.
Maurice zaps a wand.
The bolt of dispelling energy hits you!
* * * LOW HITPOINT WARNING * * *
The helpless sleepcap fails to defend itself.
You puncture the sleepcap!
The sleepcap is heavily damaged.
Unknown command.
The helpless sleepcap fails to defend itself.
You puncture the sleepcap!
The sleepcap is severely damaged.
Maurice zaps a wand.
The bolt of dispelling energy hits you!
You die...

#.#.## ..... #.#.#
#...## .# #....# . #
#....# .# #. # #....#
.# #. #.## #.##.#..#
#.# #.##
###@##.#..###.###.##
#...f...............
##.#f##.#.......##.##
........#............
....####.#..###.#.....
#.... #.#..........#.
#... ###....#...#.####
#.. +..........#.####
#.. ####.......#.....


You could see Maurice (invisible, petrifying) and a sleepcap (petrified).

Vanquished Creatures
  Menkaure (D:5)
  2 water moccasins
  A black bear (D:5)
  An ogre (D:5)
  A centaur (D:7)
  3 bullfrogs
  4 scorpions
  A howler monkey (D:5)
  3 quasits (D:6)
  A hound (D:6)
  3 orc priests
  3 iron imps (D:3)
  An iguana (D:5)
  11 adders
  5 gnolls
  2 shadow imps (D:6)
  5 white imps (D:6)
  6 ufetubi (D:6)
  2 worms (D:4)
  2 dart slugs (D:1)
  6 orcs
  13 ball pythons
  3 bats
  5 endoplasms
  3 goblins
  3 hobgoblins
  2 jackals (D:5)
  2 quokkas
  3 frilled lizards
  5 kobolds
  9 rats
112 creatures vanquished.

Notes
Turn   | Place    | Note
-------+----------+-------------------------------------------
     0 | D:1      | grandjackal the Vampire Earth Elementalist began the quest
                  | for the Orb.
     0 | D:1      | Reached XP level 1. HP: 13/13 MP: 3/3
    94 | D:1      | Reached XP level 2. HP: 17/19 MP: 1/5
   489 | D:1      | Gained mutation: You are afflicted with vampirism and can
                  | become a bat while bloodless. [Vampire growth]
   489 | D:1      | Reached XP level 3. HP: 24/24 MP: 2/6
   492 | D:1      | Learned a level 2 spell: Passwall
   690 | D:1      | Found a faded altar of an unknown god.
  1027 | D:2      | Found an opulent altar of Gozag.
  1201 | D:2      | Reached XP level 4. HP: 30/30 MP: 3/8
  1641 | D:3      | Found a sacrificial altar of Ru.
  1688 | D:3      | Found a runed translucent gate.
  1688 | D:3      | Found a runed translucent gate.
  1689 | D:3      | Found a runed translucent gate.
  1690 | D:3      | Found an opulent altar of Gozag.
  1691 | D:3      | Noticed SecretSquirrel's ghost (weakling DsAl)
  1727 | D:3      | Found a hide-covered altar of Uskayaw.
  1734 | D:3      | Reached XP level 5. HP: 35/35 MP: 3/9
  1947 | D:3      | Found a radiant altar of Vehumet.
  1947 | D:3      | Found an ancient bone altar of Kikubaaqudgha.
  1948 | D:3      | Found a shimmering blue altar of Sif Muna.
  1956 | D:3      | Got Kikubaaqudgha's Handbook of Last Rites
  2018 | D:3      | Became a worshipper of Vehumet
  2233 | D:3      | Found a burning altar of Makhleb.
  2235 | D:3      | Found the ring of Shadows {Umbra +Inv Stlth+}
  2247 | D:3      | Reached skill level 5 in Stealth
  2279 | D:3      | Reached XP level 6. HP: 35/41 MP: 1/11
  2509 | D:4      | Learned a level 4 spell: Petrify
  2532 | D:4      | Found a runed translucent gate.
  2533 | D:4      | Found a runed translucent gate.
  2535 | D:4      | Found a runed translucent gate.
  2549 | D:4      | Found Rostam's Dragon-Slaying Spoils.
  2577 | D:4      | Noticed FlodingonDalloogus's ghost (amateur HuNe)
  2847 | D:4      | Identified the +3 scale mail of Pyropteb {Regen+}
  3012 | D:5      | Entered Level 5 of the Dungeon
  3019 | D:5      | Learned a level 5 spell: Agony
  3226 | D:5      | Reached skill level 1 in Necromancy
  3477 | D:5      | Reached XP level 7. HP: 38/46 MP: 11/13
  3563 | D:5      | Reached * piety under Vehumet
  3563 | D:5      | Offered knowledge of Freeze by Vehumet.
  3696 | D:5      | Noticed Menkaure
  3702 | D:5      | Killed Menkaure
  3703 | D:5      | Reached skill level 5 in Earth Magic
  4142 | D:6      | Found a staircase to the Ecumenical Temple.
  4157 | D:5      | Reached skill level 5 in Alchemy
  4324 | D:6      | Reached XP level 8. HP: 41/52 MP: 12/15
  4398 | D:6      | HP: 1/52 [poisoned by a water moccasin]
  4650 | D:6      | Reached skill level 5 in Spellcasting
  5165 | D:7      | Offered knowledge of Searing Ray by Vehumet.
  5267 | D:7      | Noticed Maurice
  5295 | D:7      | Reached ** piety under Vehumet
  5332 | D:7      | Killed from afar by Maurice

Illustrated notes

Levels and vault maps discovered:
D:1:      dpeg_arrival_castle, layout_basic,
          shapermc_ecumenical_altar_hornbeckon
D:2:      layout_basic, basic_altar
D:3:      layout_rooms, grunt_temple_overflow_magic_moments,
          mainiacjoe_overflow_brackets, amcnicky_altar_gilded, demons_altar,
          ebering_ghost_gozag, columned_hall_lemuel
D:4:      layout_cave_pools, ebering_ghost_rock_garden,
          nicolae_shop_dragon_depot
D:5:      layout_basic, good_gods_mini_temple, minmay_holes,
          saegor_snake_ambush, uniq_menkaure
D:6:      layout_rooms, minmay_temple_entry_mist, serial_demonic,
          serial_demonic_c, serial_demonic_a, serial_demonic_a,
          serial_demonic_g, minmay_misc_feat_alley
D:7:      layout_basic, uniq_prince_ribbit1, uniq_maurice

Skill      XL: |  1  2  3  4  5  6  7  8 |
---------------+-------------------------+-----
Alchemy        | 2 3 4 5 6 |  6.1
Stealth        | 4 5 |  5.2
Spellcasting   | 3 4 5 |  5.5
Earth Magic    | 4 5 6 |  6.3
Necromancy     | 1 3 4 |  4.7
Dodging        | |  2.1

Action                     |  1- 3 |  4- 6 |  7- 9 || total
---------------------------+-------+-------+-------++-------
  Melee: Unarmed           |    18 |       |       ||    18
         Short sword       |    22 |   104 |    84 ||   210
         Bite              |     4 |    13 |    10 ||    27
         Punch             |       |       |     1 ||     1
   Cast: Sandblast         |    26 |    66 |    60 ||   152
         Petrify           |       |     4 |    16 ||    20
    Use: Scroll            |       |     8 |     2 ||    10
         Potion            |       |       |     1 ||     1
   Stab: Sleeping          |     1 |    16 |     4 ||    21
         Petrified         |       |     6 |    34 ||    40
         Petrifying        |       |     1 |     1 ||     2
 Armour: Robe              |    25 |    78 |   101 ||   204
  Dodge: Dodged            |    32 |    88 |   123 ||   243

Table legend: (Time is in decaauts)
 A = Elapsed time spent in this place.
 B = Non-inter-level travel time spent in this place.
 C = Inter-level travel time spent in this place.
 D = Time resting spent in this place.
 E = Time spent auto-exploring this place.
 F = Levels seen in this place.
 G = Mean time per level.
                   A        B        C        D        E       F      G
               +--------+--------+--------+--------+--------+-----+--------+
         Total |   5439 |   5316 |    123 |   1011 |   2976 |   7 |  777.0 |
       Dungeon |   5439 |   5316 |    123 |   1011 |   2976 |   7 |  777.0 |
               +--------+--------+--------+--------+--------+-----+--------+

Top non-repeatable levels by time:
     D:5: 1341 daAuts
     D:3: 1012 daAuts
     D:1: 953 daAuts
     D:6: 812 daAuts
     D:2: 581 daAuts
     D:4: 512 daAuts
     D:7: 226 daAuts
